 Dungeon Crawl Stone Soup version 0.25.1-2-g60ff931 (webtiles) character file.

Game seed: 1976957059634352244

132 ringo67 the Sneak (level 5, -13/34 HPs)
             Began as an Octopode Wizard on Aug 12, 2020.
             Mangled by an ogre
             ... wielding a +0 giant spiked club
              (29 damage)
             ... on level 3 of the Dungeon.
             The game lasted 00:20:26 (3720 turns).

ringo67 the Sneak (Octopode Wizard)                 Turns: 3720, Time: 00:20:26

Health: -13/34     AC:  1    Str:  6    XL:     5   Next: 15%
Magic:  6/10       EV: 13    Int: 21    God:
Gold:   110        SH:  0    Dex: 11    Spells: 6/11 levels left

rFire    . . .     SeeInvis .   b - +0 whip
rCold    . . .     Gourm    .   (no shield)
rNeg     . . .     Faith    .   a - +0 hat
rPois    .         Spirit   .   (no amulet)
rElec    .         Reflect  .   (no ring)
rCorr    .         Harm     .   (no ring)
MR       .....                  (no ring)
Stlth    +++.......             (no ring)
HPRegen  0.11/turn              (no ring)
MPRegen  0.12/turn              (no ring)
                                (no ring)
                                (no ring)

@: very slightly contaminated
A: almost no armour, stealthy swim, amphibious, 8 rings, constrict 8, camouflage
1, gelatinous body 1
a: no special abilities


You were on level 3 of the Dungeon.
You were not hungry.

You visited 1 branch of the dungeon, and saw 4 of its levels.

You collected 110 gold pieces.

Inventory:

Hand Weapons
 b - a +0 whip (weapon)
Armour
 a - a +0 hat (worn)
 l - a +0 buckler
Jewellery
 g - an uncursed ring of fire
Scrolls
 d - a scroll of identify
 h - a scroll of amnesia
 i - 2 scrolls of remove curse
Potions
 e - 5 potions of might
 f - a potion of mutation {unknown}
Comestibles
 c - 3 rations


   Skills:
 - Level 2.1 Fighting
 - Level 2.0 Dodging
 - Level 4.2 Stealth
 + Level 0.0 Shields
 + Level 3.6 Spellcasting
 + Level 2.4 Conjurations
 + Level 1.0 Summonings
 - Level 1.0 Translocations


You had 6 spell levels left.
You knew the following spells:

 Your Spells              Type           Power        Failure   Level  Hunger
a - Magic Dart            Conj           ##..         4%          1    None
b - Call Imp              Summ           #.......     12%         2    ##.....
c - Blink                 Tloc           N/A          12%         2    ##.....

Your spell library contained the following spells:

 Spells                   Type           Power        Failure   Level  Hunger
 Slow                     Hex            #.......     19%         2    ##.....
 Conjure Flame            Conj/Fire      #.......     22%         3    ###....
 Mephitic Cloud           Conj/Pois/Air  #.......     26%         3    ###....


Dungeon Overview and Level Annotations

Branches:
Dungeon (4/15)
 Temple: D:4-7

Altars:
Cheibriados
Zin


Innate Abilities, Weirdness & Mutations

You cannot wear most types of armour.
You are very stealthy in the water. (Stealth+)
You are amphibious.
You can wear up to eight rings at the same time.
You can use your tentacles to constrict eight enemies at once.
Your skin changes colour to match your surroundings (Stealth+).
Your rubbery body absorbs attacks. (AC +1, EV +1)


Message History

Your crimson imp blinks!
Things that are here:
a +0 robe; a cursed -1 club
Things that are here:
a +0 robe; a cursed -1 club
Things that are here:
a +0 robe; a cursed -1 club The ogre hits you with a +0 giant spiked club!!
Ouch! That really hurt!
Casting: Call Imp (safe; 12% risk of failure)
Confirm with . or Enter, or press ? or * to list all spells.
You miscast Call Imp.
You are very lightly contaminated with residual magic.
Nothing appears to happen.
Casting: Call Imp (safe; 12% risk of failure)
Confirm with . or Enter, or press ? or * to list all spells.
You miscast Call Imp.
Nothing appears to happen.
The ogre hits you with a +0 giant spiked club!!
Ouch! That really hurt!
You die...

.# ###...####.......#.##....## .#
##....# #.#.#.#.#.#..####
.#####..##.# #.......#...## #####
.......###.###.#.#.#.#..## #....
.#....### ...#..........# #....
.#.##...####.#.#.#.#...## #....
.#.####...##...........# #....
.#.# ###...#.####[...#######....
...# ###....O@................
..##########......##..#######....
........##^......##..## #....
........##.#.#.#.##.## ##....
.#####..##.......#..#### #.....
.#!$!#..##.#.#.#.......### #.####
.#()[#..##...............###...##
.#$??#..#..#.#.#.......#..#..#..#
.#####...........#<##.###...###.#


You could see an ogre.

Vanquished Creatures
  A scorpion (D:4)
  An adder (D:2)
  A worm (D:3)
  A dart slug (D:1)
  2 leopard geckos (D:1)
  A giant cockroach (D:1)
  10 goblins
  8 hobgoblins
  10 kobolds
  2 quokkas
  3 ball pythons
  2 bats
  6 frilled lizards
  5 rats
53 creatures vanquished.

Vanquished Creatures (collateral kills)
  Jessica (D:3)
  A giant cockroach (D:3)
2 creatures vanquished.

Grand Total: 55 creatures vanquished

Notes
Turn   | Place    | Note
-------+----------+-------------------------------------------
     0 | D:1      | ringo67 the Octopode Wizard began the quest for the Orb.
     0 | D:1      | Reached XP level 1. HP: 11/11 MP: 4/4
   270 | D:1      | Reached skill level 3 in Stealth
   270 | D:1      | Reached XP level 2. HP: 18/18 MP: 0/6
   990 | D:1      | Reached skill level 1 in Fighting
   996 | D:1      | Reached XP level 3. HP: 23/23 MP: 0/7
  1765 | D:2      | Learned a level 2 spell: Call Imp
  1768 | D:2      | Learned a level 2 spell: Blink
  2199 | D:2      | Found a snail-covered altar of Cheibriados.
  2199 | D:2      | Found a glowing silver altar of Zin.
  2283 | D:2      | Reached XP level 4. HP: 19/28 MP: 1/9
  3009 | D:3      | Noticed Jessica
  3324 | D:3      | Killed Jessica
  3396 | D:4      | Noticed an ogre
  3486 | D:4      | Noticed a centaur
  3562 | D:4      | Reached skill level 4 in Stealth
  3562 | D:4      | Reached XP level 5. HP: 28/34 MP: 0/10
  3720 | D:3      | Mangled by an ogre

Illustrated notes

Levels and vault maps discovered:
D:1:      tarquinn_simple_flora_water_c, layout_basic
D:2:      layout_basic, gammafunk_temple_overflow_elements,
          chequers_temple_overflow_statue_of_worship
D:3:      layout_rooms, serial_glass, glass_columns_b, glass_columns_c,
          glass_columns_a, glass_columns_b, minmay_strange_pillars,
          due_unseen_surprise, feat_on_display, minmay_strange_pillars,
          uniq_jessica
D:4:      layout_cave_pools, uniq_pikel

Skill      XL: |  1  2  3  4 |
---------------+-------------+-----
Stealth        | 3 4 |  4.2
Fighting       | 1 2 |  2.1
Conjurations   | 2 |  2.4
Dodging        | |  2.0
Spellcasting   | |  3.6
Summonings     | |  1.0
Translocations | |  1.0

Action                   |  1- 3 |  4- 6 || total
-------------------------+-------+-------++-------
Melee: Whip              |    16 |    10 ||    26
       Constrict         |     6 |     4 ||    10
       Tentacles         |     1 |     3 ||     4
 Cast: Magic Dart        |   103 |    40 ||   143
       Call Imp          |     1 |     5 ||     6
  Use: Scroll            |       |     5 ||     5
  Eat: Chunk             |     4 |     2 ||     6
       Ration            |       |     1 ||     1
Armor: Skin              |     1 |     1 ||     2
Dodge: Dodged            |    16 |    12 ||    28
